AoeStats
← bleal86

Hideout

510150335Analyzed
1v1 RM · 21h ago on Sep 29, 2026· 28m 57s· 2 players
Game mode
Random Map
Map size
Tiny (2 player)
Population
200
Speed
Normal
Resources
Standard
Victory
Conquest
Starting age
Dark Age
Ending age
Imperial Age
RankedLock teamsTeams togetherTeam positionsShared explorationLock speedFull tech treeHidden civsTurbo modeCheats
Victory
Defeat
🇷🇺 Franks · Russia
1028
+14
🇧🇷 Japanese · Brazil
985
-14
bleal86
5:36 Loom
10:29 Feudal Age
16:13 Castle Age
17:24 Double-Bit Axe
18:34 Bow Saw
20:08 Gold Mining
20:02 Horse Collar
22:23 Man-at-Arms
22:48 Gambesons
23:04 Squires
26:55 Long Swordsman
Ray
10:46 Feudal Age
14:27 Castle Age
13:54 Forging
14:36 Scale Mail Armor
16:31 Loom
19:11 Scale Mail Armor
Connection lost

Rejoining the realm…

Still unreachable

The connection could not be restored.

Session expired

The server has moved on; the page needs a fresh start.